 Dungeon Crawl Stone Soup version 0.18-a0-1405-g73f4075 (webtiles) character file.

2973 brucemayne the Grappler (level 9, -7/132 HPs)
             Began as a Troll Monk on Feb 24, 2016.
             Was a Priest of the Shining One.
             Mangled by Maud
             ... wielding a +2 long sword of draining
              (19 damage)
             ... on level 10 of the Dungeon.
             The game lasted 00:10:00 (1520 turns).

brucemayne the Grappler (Troll Monk)                Turns: 1520, Time: 00:10:00

Health: -7/132     AC: 24    Str: 22    XL:     9   Next: 53%
Magic:  10/11      EV:  1    Int:  7    God:    the Shining One [***...]
Gold:   142        SH:  8    Dex: 13    Spells: 0 memorised, 8 levels left

rFire  . . .     SeeInvis .       - Unarmed
rCold  . . .     Gourm    +     (armour currently unavailable)
rNeg   + + +     Faith    .     (no shield)
rPois  +         Spirit   .     (helmet currently unavailable)
rElec  .         Dismiss  .     (cloak currently unavailable)
rCorr  .         Reflect  .     (gloves unavailable)
SustAt +         Harm     .     (boots unavailable)
MR     .....     NoTele   +     (no amulet)
Stlth  +.........               (no ring)
                                r - ring of sustain attributes

@: divine shield, tree-form, glowing, drained, not resistant to hostile
enchantments, very unstealthy
A: unfitting armour, (claws 0), fast metabolism 3, gourmand, regeneration 2,
(shaggy fur 0), (tough skin 0)
a: Divine Shield, Renounce Religion


You were on level 10 of the Dungeon.
You worshipped the Shining One.
The Shining One was most pleased with you.
You were very hungry.
You were a tree.
You visited 2 branches of the dungeon, and saw 11 of its levels.

You collected 142 gold pieces.

Inventory:

Hand Weapons
 l - a +0 mace
 B - a +0 blowgun
 D - a cursed +2 morningstar
Missiles
 x - 6 tomahawks of returning (quivered)
Armour
 a - a +0 robe
 d - a +2 robe of fire resistance (melded)
 o - a +0 cloak (melded)
Jewellery
 m - an uncursed ring of see invisible
 r - a ring of sustain attributes (left branch)
 y - an uncursed amulet of faith
Wands
 f - a wand of paralysis (9/24)
 j - a wand of polymorph (16/24)
 z - a wand of disintegration (13/24)
Scrolls
 e - 3 scrolls of teleportation {unknown}
 n - a scroll of fear {unknown}
 q - a scroll of blinking {unknown}
 s - a scroll of remove curse {unknown}
 u - a scroll of amnesia
 v - a scroll of enchant armour {unknown}
 w - a scroll of torment {unknown}
 E - a scroll of identify
Potions
 c - a potion of agility {unknown}
 g - a potion of degeneration {unknown}
 h - a potion of heal wounds {unknown}
 i - a potion of curing
 k - 2 potions of brilliance {unknown}
 p - 2 potions of resistance {unknown}
 t - 2 potions of lignification
 C - a potion of ambrosia {unknown}
Books
 A - a book of Air

   Spells                             Type                      Level
   a - Shock                          Conjuration/Air              1
   b - Swiftness                      Charms/Air                   2
   c - Repel Missiles                 Charms/Air                   2
   d - Static Discharge               Conjuration/Air              3
   e - Lightning Bolt                 Conjuration/Air              5
Comestibles
 b - 3 bread rations


   Skills:
 + Level 5.5(4.5) Fighting
 + Level 2.2(1.2) Maces & Flails
 - Level 2.4(1.4) Dodging
 - Level 1.1(0.1) Stealth
 - Level 10.6(9.4) Unarmed Combat
 + Level 5.2(4.1) Invocations


You had 8 spell levels left.
You didn't know any spells.

Dungeon Overview and Level Annotations

Branches:
Dungeon (10/15)            Temple (1/1) D:7
   Lair: D:8-11         Orc: D:9-12

Altars:
Cheibriados
Kikubaaqudgha
Okawaru
The Shining One

Annotations:
D:10 Maud


Innate Abilities, Weirdness & Mutations

You are too large for most types of armour.
((You have claws for hands.))
Your metabolism is lightning-fast.
You like to eat raw meat.
You heal very quickly.
((You are covered in fur (AC +1).))
((You have very tough skin (AC +2).))


Message History

You partially resist.
You feel drained.
Drink which item? (? for menu, Esc to quit)
Okay, then.
Read which item? (? for menu, Esc to quit)
Okay, then.
Drink which item? (? for menu, Esc to quit)
It was a potion of lignification.
You turn into a tree.
Your +0 cloak melds into your body.
Your +2 robe of fire resistance melds into your body.
You feel less resistant to fire.
Your roots penetrate the ground.
Drink which item? (? for menu, Esc to quit)
Okay, then.
You smack Maud!
Maud is severely wounded.
Maud hits you with a long sword of draining!
* * * LOW HITPOINT WARNING * * *
You hit Maud.
Maud is severely wounded.
Maud hits you with a long sword of draining!!
You die...

#.. .# #.. #.# #..##..
#..#.. # #....## ...
#.....#..# #.#.....#
#.@.##### #.♣##
#..##############
#..##..)<.......#
.#######..##.#########.#
.)........)..#
..........####
#########.# #.# ####.#


You could see Maud.

Vanquished Creatures
  Josephine (D:10)
  The ghost of gorblad the Shield-Bearer, a novice GrFi (D:6)
  4 wraiths (D:10)
  A hippogriff (D:10)
  An orc warrior (D:8)
  A black bear (D:8)
  A phantom (D:8)
  A necrophage (D:7)
  3 centaurs (D:8)
  3 giant frogs (D:8)
  6 wights
  A jelly (D:8)
  A giant frog zombie (D:8)
  A quasit (D:7)
  An orc wizard (D:7)
  A giant frog skeleton (D:8)
  Terence (D:2)
  An ooze (D:3)
  3 worms
  A giant gecko (D:2)
  12 orcs
  2 giant cockroaches
  4 goblins
  2 hobgoblins
  A jackal (D:2)
  2 kobolds
  A quokka (D:5)
  2 giant newts
  A quokka skeleton (D:4)
  2 rats
63 creatures vanquished.

Notes
Turn   | Place    | Note
--------------------------------------------------------------
     0 | D:1      | brucemayne the Troll Monk began the quest for the Orb.
     0 | D:1      | Reached XP level 1. HP: 22/22 MP: 0/0
   193 | D:2      | Found an ancient bone altar of Kikubaaqudgha.
   261 | D:3      | Noticed an orc priest
   279 | D:2      | Reached XP level 2. HP: 9/29 MP: 1/1
   314 | D:2      | Found an iron altar of Okawaru.
   352 | D:2      | Noticed Terence
   371 | D:2      | Killed Terence
   371 | D:2      | Reached skill level 5 in Unarmed Combat
   371 | D:2      | Reached XP level 3. HP: 27/36 MP: 2/2
   456 | D:3      | Noticed a sky beast
   487 | D:2      | Found a glowing golden altar of the Shining One.
   502 | D:2      | Became a worshipper of the Shining One
   502 | D:2      | Reached * piety under the Shining One
   502 | D:2      | Reached ** piety under the Shining One
   615 | D:4      | Reached XP level 4. HP: 44/44 MP: 3/3
   618 | D:5      | Entered Level 5 of the Dungeon
   704 | D:6      | Noticed gorblad's ghost (novice GrFi)
   735 | D:6      | Killed gorblad's ghost
   735 | D:6      | Reached skill level 7 in Unarmed Combat
   735 | D:6      | Reached XP level 5. HP: 36/50 MP: 1/4
   735 | D:6      | Reached XP level 6. HP: 42/59 MP: 1/5
   874 | D:7      | Reached skill level 8 in Unarmed Combat
   876 | D:7      | Found a staircase to the Ecumenical Temple.
   883 | Temple   | Entered the Ecumenical Temple
   970 | D:8      | Reached XP level 7. HP: 43/66 MP: 6/6
  1024 | D:8      | Reached skill level 9 in Unarmed Combat
  1035 | D:8      | Found a snail-covered altar of Cheibriados.
  1178 | D:8      | Reached skill level 10 in Unarmed Combat
  1178 | D:8      | Reached XP level 8. HP: 63/74 MP: 7/7
  1199 | D:8      | Reached *** piety under the Shining One
  1280 | D:8      | Reached skill level 1 in Invocations
  1394 | D:10     | Entered Level 10 of the Dungeon
  1441 | D:10     | Noticed Josephine
  1470 | D:10     | Killed Josephine
  1470 | D:10     | Reached skill level 5 in Fighting
  1470 | D:10     | Reached XP level 9. HP: 77/88 MP: 9/11
  1475 | D:10     | Reached skill level 1 in Maces & Flails
  1484 | D:10     | Reached skill level 5 in Invocations
  1500 | D:10     | Noticed Maud
  1520 | D:10     | Mangled by Maud

Vault maps used:
D:1:      mushboom_english_gardens
D:2:      nicolae_overflow_hidden_temple, makhleb_heckhound_becter,
          kiku_gazebo_pond_becter, marbit_many_paths, first_bread, uniq_terence
D:4:      serial_forest, infiniplex_forest_clump_C,
          infiniplex_forest_clump_diagonal, infiniplex_forest_lined_3_way,
          infiniplex_forest_clump_curved, infiniplex_forest_straight_5,
          infiniplex_forest_clump_diagonal, infiniplex_forest_zigzag_2,
          infiniplex_forest_lined_3, uniq_eustachio
D:5:      grunt_dithmenos_smoke, basic_altar, serial_shops, shop_fountains,
          kennysheep_small_circle
D:7:      temple_statues
D:8:      lemuel_crystal_altar
D:9:      lemuel_slime, grunt_temple_overflow_open, orc_0_dummy, serial_shops,
          shop, hangedman_fish_farm, grunt_gozag_breadcrumbs
D:10:     lair_0_dummy, nooodl_orcs_dogs, uniq_maud, uniq_josephine, uniq_fannar
Temple:   chambers_temple_12

Skill      XL: |  1  2  3  4  5  6  7  8  9 |
---------------+----------------------------+-----
Unarmed Combat | 5 7 8 10 | 10.6
Invocations    | 4 5 |  5.2
Fighting       | 5 |  5.5
Maces & Flails | 2 |  2.2
Dodging        | |  2.4
Stealth        | |  1.1

Action                   |  1- 3 |  4- 6 |  7- 9 || total
-------------------------+-------+-------+-------++-------
Melee: Unarmed           |    79 |    45 |    99 ||   223
Invok: Divine Shield     |       |     1 |     3 ||     4
  Use: Potion            |     1 |       |     3 ||     4
       Scroll            |       |       |     3 ||     3
  Eat: Chunk             |     2 |     1 |       ||     3
       Beef jerky        |     1 |       |       ||     1
       Pizza             |       |     1 |       ||     1
       Meat ration       |       |       |     1 ||     1
